 Dungeon Crawl Stone Soup version 0.22-a0-419-g492bfec (webtiles) character file.

56 Mgcat the Skirmisher (level 3, -4/34 HPs)
             Began as a Ghoul Fighter on May 15, 2018.
             Slain by an iguana (11 damage)
             ... on level 2 of the Dungeon.
             The game lasted 00:01:48 (719 turns).

Mgcat the Skirmisher (Ghoul Fighter)                 Turns: 719, Time: 00:01:49

Health: -4/34      AC:  7    Str: 19    XL:     3   Next: 95%
Magic:  2/2        EV:  7    Int:  4    God:
Gold:   128        SH:  8    Dex:  8    Spells: 2/2 levels left

rFire    . . .     SeeInvis .     - Unarmed
rCold    + . .     Gourm    .   b - +0 shield
rNeg     + + +     Faith    .   a - +0 scale mail
rPois    ∞         Spirit   .   (no helmet)
rElec    .         Reflect  .   e - +0 cloak
rCorr    .         Harm     .   (no gloves)
MR       .....                  (no boots)
Stlth    ..........             (no amulet)
HPRegen  0.00/turn              q - ring of flight {+Fly, !d}
MPRegen  0.08/turn              (no ring)

@: rotting
A: rotting body, claws 1, carnivore, cold resistance 1, negative energy
resistance 3, inhibited regeneration, torment resistance, unbreathing
a: Evoke Flight


You were on level 2 of the Dungeon.
You were not hungry.

You visited 1 branch of the dungeon, and saw 2 of its levels.

You collected 128 gold pieces.

Inventory:

Hand Weapons
 g - a +0 whip
   (You took it off a kobold on level 1 of the Dungeon)
 h - a +0 club
   (You took it off a goblin on level 1 of the Dungeon)
 i - a +0 dagger
   (You took it off a kobold on level 1 of the Dungeon)
 j - a +0 short sword
   (You took it off a kobold on level 1 of the Dungeon)
 k - a +0 dagger
   (You took it off a kobold on level 1 of the Dungeon)
Armour
 a - a +0 scale mail (worn)
 b - a +0 shield (worn)
 e - a +0 cloak (worn)
   (You found it on level 1 of the Dungeon)
Jewellery
 q - a ring of flight (left claw) {+Fly, !d}
   (You found it on level 2 of the Dungeon)
Scrolls
 l - a scroll of identify
 m - a scroll of remove curse
 o - a scroll of teleportation {unknown}
 p - a scroll of enchant armour {unknown}
Potions
 c - a potion of might
 n - 2 potions of heal wounds {unknown}
 r - a potion of invisibility {unknown}
Comestibles
 d - 2 rations
 f - 3 chunks of flesh {@w0}


   Skills:
 + Level 4.3 Fighting
 - Level 2.6 Armour
 - Level 2.6 Shields
 + Level 3.5 Unarmed Combat


You had 2 spell levels left.
You didn't know any spells.
Your spell library was empty.

Dungeon Overview and Level Annotations

Branches:
Dungeon (2/15)

Altars:


Innate Abilities, Weirdness & Mutations

Your body is rotting away.
You thrive on raw meat.
You are immune to poison.
You have sharp fingernails.
You are carnivorous and can eat meat at any time.
Your flesh is cold resistant. (rC+)
You are immune to negative energy. (rN+++)
You do not regenerate when monsters are visible.
You are immune to unholy pain and torment.
You can survive without breathing.


Message History

You closely miss the goblin. The goblin hits you.
You barely miss the goblin. The goblin hits you but does no damage.
You closely miss the goblin. The goblin barely misses you.
You claw the goblin!
You kill the goblin!
An adder comes into view.
A frilled lizard comes into view.
The adder bites you but does no damage.
You scratch the adder.
The adder is moderately wounded.
You block the adder's attack.
You miss the adder.
The adder is moderately wounded.
You block the adder's attack. x2
You scratch the adder.
The adder is heavily wounded.
The adder bites you.
You scratch the adder.
The adder is almost dead.
The adder bites you but does no damage. x2
You scratch the adder.
You kill the adder!
The frilled lizard closely misses you.
You scratch the frilled lizard.
You kill the frilled lizard!
No target in view!
No target in view!
A goblin comes into view. It is wielding a club.
The goblin shouts!
A goblin is nearby!
A goblin is nearby!
You see here a short sword.
You miss the goblin. You block the goblin's attack.
You closely miss the goblin. The goblin hits you with a club.
You are too injured to fight recklessly!
You are too injured to fight recklessly!
You are too injured to fight recklessly!
You are too injured to fight recklessly!
You are too injured to fight recklessly!
You claw the goblin!
You kill the goblin!
You see here a club.
HP restored.
You see here a club.
You open the door.
A rat and a hobgoblin come into view.
The hobgoblin moves out of view.
A jackal comes into view.
There are monsters nearby!
An iguana and a hobgoblin come into view.
The hobgoblin shouts!
The iguana hisses angrily.
There is an open door here.
You closely miss the rat. The rat bites you but does no damage.
You scratch the hobgoblin.
You kill the hobgoblin!
The jackal closely misses you. You block the rat's attack.
You barely miss the hobgoblin. You block the jackal's attack.
The rat barely misses you. The hobgoblin hits you with a club.
You claw the hobgoblin!
You kill the hobgoblin!
The jackal bites you. The rat bites you but does no damage.
The jackal bites you but does no damage.
You are too injured to fight recklessly!
You are too injured to fight recklessly!
You are too injured to fight recklessly!
You are too injured to fight recklessly!
You are too injured to fight recklessly!
You closely miss the iguana. You block the jackal's attack.
You block the iguana's attack. The rat barely misses you.
You scratch the iguana.
The iguana is lightly wounded.
The jackal pauses to sniff the ground.
The jackal bites you but does no damage.
The rat barely misses you.
The iguana bites you but does no damage.
You claw the rat!
You kill the rat!
The jackal bites you but does no damage.
The iguana bites you! The jackal closely misses you.
You closely miss the jackal.
The jackal bites you but does no damage.
The iguana bites you.
You scratch the jackal.
The jackal is severely wounded.
The jackal bites you. You block the iguana's attack.
The jackal closely misses you.
You scratch the jackal.
You kill the jackal!
You block the iguana's attack.
You barely miss the iguana.
The iguana is lightly wounded.
The iguana bites you.
* * * LOW HITPOINT WARNING * * *
You scratch the iguana.
The iguana is moderately wounded.
You block the iguana's attack.
Your shield and scale mail prevent you from hitting the iguana.
The iguana is moderately wounded.
The iguana bites you!
You die...

#.........######
#.........#....#
#.........#....# ..#
#.............. ..
#..(......... ..
#..........#### .#
+.............#### .#
##......)..)......##.# .
........##@##........###...
.....####l†.####...........
...# #...#..###...###### ..
#...#..#.##..#
#...#..#..'..#
#...#..#.##..# #
#...#..###...#
..##+#(=$#'##.....#
....#####.......##


You could see an iguana.

Vanquished Creatures
  An adder (D:2)
  3 dart slugs
  A leopard gecko (D:1)
  3 giant cockroaches
  7 goblins
  3 hobgoblins
  A jackal (D:2)
  2 ball pythons (D:1)
  3 bats (D:1)
  2 frilled lizards
  7 kobolds (D:1)
  7 rats
40 creatures vanquished.

Notes
Turn   | Place    | Note
-------+----------+-------------------------------------------
     0 | D:1      | Mgcat the Ghoul Fighter began the quest for the Orb.
     0 | D:1      | Reached XP level 1. HP: 19/19 MP: 0/0
    91 | D:1      | Reached XP level 2. HP: 26/26 MP: 1/1
   297 | D:1      | Reached skill level 3 in Unarmed Combat
   335 | D:1      | Reached XP level 3. HP: 33/33 MP: 2/2
   382 | D:1      | Reached skill level 4 in Fighting
   717 | D:2      | HP: 7/34 [iguana (6)]
   719 | D:2      | Slain by an iguana

Vault maps used:
D:1:      minmay_arrival_pointy
D:2:      minmay_divided_ellipse

Skill      XL: |  1  2  3 |
---------------+----------+-----
Unarmed Combat | 3 |  3.5
Fighting       | 4 |  4.3
Armour         | |  2.6
Shields        | |  2.6

Action                   || total
-------------------------++-------
Melee: Unarmed           ||   120
  Use: Scroll            ||     4
  Eat: Chunk             ||     3
Armor: Scale mail        ||    44
Dodge: Dodged            ||    39
Block: Shield            ||    47

Table legend:
 A = Spawn XP
 B = Non-spawn XP
 C = Spawn XP percentage of total XP
 D = Spawn monster count
 E = Non-spawn monster count
 F = Spawn count percentage of total count
 G = Total turns spent on level
                    A         B        C        D         E        F      G
               +---------+---------+-------+---------+---------+-------+---------
         Total |       0 |      80 |   0.0 |       0 |      40 |   0.0 |   719
               +---------+---------+-------+---------+---------+-------+---------
           D:1 |       0 |      48 |   0.0 |       0 |      29 |   0.0 |   547
           D:2 |       0 |      32 |   0.0 |       0 |      11 |   0.0 |   172
               +---------+---------+-------+---------+---------+-------+---------

Vault maps used:
D:1:      minmay_arrival_pointy
D:2:      minmay_divided_ellipse

Table legend:
 A = Turns spent in this place as a percentage of turns spent in the entire game.
 B = Non-inter-level travel turns spent in this place as a percentage of non-inter-level travel turns spent in the entire game.
 C = Inter-level travel turns spent in this place as a percentage of turns spent in this place.
 D = Turns resting spent in this place as a percentage of non-inter-level travel turns spent in this place.
 E = Turns spent auto-exploring this place as a percentage of non-inter-level travel turns spent in this place.
 F = Non-inter-level travel turns spent in this place divided by the number of levels of this place that you've seen.
                   A       B       C       D       E      F
               +-------+-------+-------+-------+-------+----------------------
         Total | 100.0 | 100.0 |   1.9 |   0.0 |  68.2 | 352.5
       Dungeon | 100.0 | 100.0 |   1.9 |   0.0 |  68.2 | 352.5
               +-------+-------+-------+-------+-------+----------------------

Table legend:
 A = Kills in this place as a percentage of kills in entire the game.
 B = Kills by you in this place as a percentage of kills by you in the entire game.
 C = Kills by friends in this place as a percentage of kills by friends in the entire game.
 D = Other kills in this place as a percentage of other kills in the entire game.
 E = Experience gained in this place as a percentage of experience gained in the entire game.
 F = Experience gained in this place divided by the number of levels of this place that you have seen.
                   A       B       C       D       E      F
               +-------+-------+-------+-------+-------+----------------------
         Total | 100.0 | 100.0 |   N/A |   N/A | 100.0 |  40.0
       Dungeon | 100.0 | 100.0 |   N/A |   N/A | 100.0 |  40.0
               +-------+-------+-------+-------+-------+----------------------
